 Dungeon Crawl Stone Soup version 0.22-a0-348-gd16d139 (webtiles) character file.

12630 Amnesiac the Prestidigitator (level 11, 0/60 HPs)
             Began as a Spriggan Berserker on Apr 11, 2018.
             Was a High Priest of Trog.
             Slain by a two-headed ogre
             ... wielding a +0 giant spiked club
              (13 damage)
             ... on level 10 of the Dungeon.
             The game lasted 00:31:56 (10846 turns).

Amnesiac the Prestidigitator (Spriggan Berserker)  Turns: 10846, Time: 00:31:57

Health: 0/60       AC: 10    Str: 20    XL:     11   Next: 65%
Magic:  0/20       EV: 26    Int:  8    God:    Trog [*****.]
Gold:   598        SH: 10    Dex: 17    Spells: 10/10 levels left

rFire    . . .     SeeInvis +   a - +4 dagger (chaos)
rCold    . . .     Gourm    .   I - +2 buckler
rNeg     . . .     Faith    .   H - +0 troll leather armour
rPois    .         Spirit   +   (helmet restricted)
rElec    .         Reflect  .   F - +1 cloak
rCorr    .         Harm     .   (gloves unavailable)
MR       +....                  (boots unavailable)
Stlth    +.........             D - amulet of guardian spirit
HPRegen  0.60/turn              p - +4 ring of protection
MPRegen  0.17/turn              s - +4 ring of strength

@: very quick
A: very small, unfitting armour, see invisible, herbivore, speed 3, slow
metabolism 2
a: Berserk, Trog's Hand, Brothers in Arms, Renounce Religion


You were on level 10 of the Dungeon.
You worshipped Trog.
Trog was extremely pleased with you.
You were not hungry.

You visited 1 branch of the dungeon, and saw 10 of its levels.

You collected 598 gold pieces.

Inventory:

Hand Weapons
 a - a +4 dagger of chaos (weapon)
 b - a +0 dagger of holy wrath
 h - a +5 antimagic rapier
Missiles
 m - 25 poisoned needles
 x - 2 throwing nets (quivered)
Armour
 F - a +1 cloak (worn)
 H - a +0 troll leather armour (worn)
 I - a +2 buckler (worn)
Jewellery
 k - an uncursed ring of poison resistance
 p - a +4 ring of protection (left hand)
 s - a +4 ring of strength (right hand)
 z - an uncursed ring of protection from cold
 D - an amulet of guardian spirit (around neck)
Wands
 i - a wand of clouds (2)
Scrolls
 c - a scroll of amnesia {!r, unknown}
 d - 7 scrolls of remove curse {!r}
 e - a scroll of enchant weapon {!r}
 f - 4 scrolls of immolation {!r}
 g - 4 scrolls of magic mapping {!r}
 q - 2 scrolls of fog {!r}
 t - 4 scrolls of teleportation {!r}
 w - a scroll of identify {!r}
 y - a scroll of noise {!r, unknown}
 C - a scroll of summoning {!r}
Potions
 j - 4 potions of resistance {!q, unknown}
 l - a potion of magic {!q, unknown}
 n - a potion of cancellation {!q}
 o - a potion of might {!q}
 r - a potion of curing {!q}
 u - a potion of lignification {!q, unknown}
 v - a potion of flight {!q}
 G - a potion of heal wounds {!q, unknown}
Miscellaneous
 A - a fan of gales
Comestibles
 E - 6 rations


   Skills:
 * Level 8.2 Fighting
 - Level 8.5 Short Blades
 + Level 10.5 Dodging
 + Level 7.1 Shields
 * Level 11.8 Evocations


You had 10 spell levels left.
You didn't know any spells.

Dungeon Overview and Level Annotations

Branches:
Dungeon (10/15)            Temple (0/1) D:6            Lair (0/6) D:9
    Orc (0/2) D:9

Altars:
Qazlal
Ru
Xom


Innate Abilities, Weirdness & Mutations

You are very small and have problems with some larger weapons.
You are too small for most types of armour.
You have supernaturally acute eyesight. (SInv)
You are a herbivore.
You cover ground extremely quickly.
You need to consume almost no food.


Message History

You hit the two-headed ogre. You burn the two-headed ogre.
The two-headed ogre is lightly wounded.
The orc priest looks braver for a moment.
You hit the orc priest.
The orc priest is moderately wounded.
You block the orc priest's attack.
You hit the orc priest. You burn the orc priest.
The orc priest is severely wounded.
You hit the orc priest.
The orc priest is almost dead.
The orc priest closely misses you.
You hit the orc priest. You freeze the orc priest.
You kill the orc priest!
Trog accepts your kill.
You hit the two-headed ogre but do no damage.
Lightning courses through the two-headed ogre!
The two-headed ogre is lightly wounded.
The two-headed ogre hits you with a giant spiked club!!
The two-headed ogre completely misses you.
You barely miss the two-headed ogre.
The two-headed ogre is lightly wounded.
You barely miss the two-headed ogre.
The two-headed ogre is lightly wounded.
You swing at nothing.
You hit the two-headed ogre. You burn the two-headed ogre.
The two-headed ogre is moderately wounded.
You puncture the two-headed ogre!
The two-headed ogre is poisoned.
You smell something strange.
The two-headed ogre is moderately wounded.
You swing at nothing.
You puncture the two-headed ogre!
The two-headed ogre goes berserk!
The two-headed ogre is heavily wounded.
The two-headed ogre barely misses you.
The two-headed ogre hits you with a dire flail of holy wrath!
You hear two shouts!
The two-headed ogre looks more healthy.
The two-headed ogre hits you with a giant spiked club!!
* * * LOW HITPOINT WARNING * * *
You block the two-headed ogre's attack.
The two-headed ogre rages.
You swing at nothing.
You swing at nothing.
The two-headed ogre rages.
You see here 21 arrows.
You swing at nothing.
Press: ? - help, v - describe, . - travel The floor, spattered with blood.
Items here: ) [[[ † a +1 robe of positive energy; a +0 buckler; a spear; a ring mail a gnoll corpse The two-headed ogre is no longer berserk.
Things that are here:
a giant club; a dire flail You hit the two-headed ogre.
The two-headed ogre seems to speed up.
The two-headed ogre is heavily wounded.
You hit the two-headed ogre but do no damage.
The two-headed ogre is heavily wounded.
The two-headed ogre barely misses you. x2
You hit the two-headed ogre. You burn the two-headed ogre.
The two-headed ogre is severely wounded.
The two-headed ogre hits you with a giant spiked club!!
* * * LOW HITPOINT WARNING * * *
The two-headed ogre hits you with a dire flail of holy wrath!
You die...

#.##...# #........
#.##...# #......##
#.##...###<.....#
#.##.......##...#
#(##.......##...#
#.##..####.##.O.#
#.##..# #.##.[.##
#O##..# #.##[....
#@##..# #.##.....
#.##..# #.##.....
#.....####.##..###
#..........##..#
#........).##..#
#........(.....#
#.....####.....#
#.....# #.....#
#.....# #.....#


You could see a two-headed ogre.

Vanquished Creatures
  A minotaur (D:8)
  3 two-headed ogres
  5 death yaks
  Pikel (D:6)
  A manticore (shapeshifter) (D:8)
  Psyche (D:8)
  A troll (D:10)
  Prince Ribbit (D:4)
  Grinder (D:3)
  A hippogriff (D:9)
  Sigmund (D:4)
  4 yaks
  A wyvern (D:8)
  A hungry ghost (D:7)
  A water moccasin (D:5)
  3 orc warriors
  2 phantoms
  A sky beast (D:8)
  2 ice beasts
  A slave (D:6)
  A black bear (D:10)
  2 ogres
  A boggart (shapeshifter) (D:9)
  A centaur (D:10)
  A crocodile (D:7)
  A gnoll sergeant (D:7)
  4 bullfrogs
  4 scorpions
  2 water moccasin skeletons
  5 killer bees
  A howler monkey (D:6)
  A bullfrog zombie (D:7)
  A centaur zombie (D:5)
  2 quasits
  Crazy Yiuf (D:7)
  7 hounds
  A centaur skeleton (D:5)
  3 bullfrog skeletons
  10 orc priests
  7 orc wizards
  Ijyb (D:4)
  Natasha (twice) (D:2)
  4 iguanas
  6 worker ants
  2 hound zombies (D:9)
  A killer bee simulacrum (D:9)
  A howler monkey zombie (D:6)
  15 gnolls
  14 adders
  An ooze (D:3)
  2 adder skeletons
  An adder zombie (D:3)
  2 dart slugs
  2 leopard geckos
  42 orcs
  8 bats
  2 giant cockroaches
  7 goblins
  10 hobgoblins
  7 jackals
  5 kobolds
  2 quokkas
  A ball python (D:9)
  9 frilled lizards
  A jackal skeleton (D:4)
  2 leopard gecko skeletons
  12 rats
251 creatures vanquished.

Vanquished Creatures (others)
  An adder (D:9)
  An orc (D:6)
2 creatures vanquished.

Grand Total: 253 creatures vanquished

Notes
Turn   | Place    | Note
-------+----------+-------------------------------------------
     0 | D:1      | Amnesiac the Spriggan Berserker began the quest for the Orb.
     0 | D:1      | Reached XP level 1. HP: 11/11 MP: 2/2
   227 | D:1      | Reached XP level 2. HP: 15/16 MP: 3/3
   784 | D:2      | Reached XP level 3. HP: 18/19 MP: 4/4
   852 | D:2      | Reached skill level 5 in Short Blades
  1035 | D:2      | Noticed Natasha
  1040 | D:2      | Killed Natasha
  1040 | D:2      | Reached XP level 4. HP: 23/23 MP: 5/5
  1219 | D:2      | Reached ** piety under Trog
  1570 | D:2      | Noticed Natasha
  1581 | D:2      | Killed Natasha
  1581 | D:2      | Reached XP level 5. HP: 27/27 MP: 6/6
  1897 | D:3      | Noticed Grinder
  2010 | D:4      | Noticed Ijyb
  2022 | D:5      | Entered Level 5 of the Dungeon
  2022 | D:5      | Noticed Prince Ribbit
  2060 | D:4      | Killed Ijyb
  2378 | D:3      | Found a shimmering altar of Xom.
  2522 | D:3      | Killed Grinder
  2522 | D:3      | Reached XP level 6. HP: 32/32 MP: 7/7
  2747 | D:3      | Reached skill level 1 in Evocations
  2757 | D:3      | Reached XP level 7. HP: 35/35 MP: 8/8
  3134 | D:4      | Reached *** piety under Trog
  3260 | D:4      | Noticed Sigmund
  3271 | D:4      | Killed Sigmund
  3271 | D:4      | Reached skill level 1 in Shields
  3271 | D:4      | Reached skill level 2 in Evocations
  3605 | D:4      | Killed Prince Ribbit
  3605 | D:4      | Reached skill level 5 in Dodging
  3605 | D:4      | Reached skill level 3 in Evocations
  3696 | D:5      | Reached XP level 8. HP: 36/40 MP: 11/11
  3798 | D:5      | Identified the Reference Book on Attacks
  3823 | D:5      | Reached skill level 4 in Evocations
  4131 | D:5      | Got a scorched flail
  4289 | D:6      | Found a staircase to the Ecumenical Temple.
  4350 | D:6      | Reached skill level 5 in Evocations
  4533 | D:6      | Reached **** piety under Trog
  4704 | D:6      | Reached skill level 6 in Evocations
  4993 | D:6      | Reached XP level 9. HP: 29/46 MP: 14/14
  5365 | D:6      | Reached skill level 5 in Fighting
  5403 | D:6      | Noticed Pikel
  5467 | D:6      | Killed Pikel
  5467 | D:6      | Reached skill level 7 in Evocations
  6090 | D:7      | Found a stormy altar of Qazlal.
  6245 | D:7      | Reached ***** piety under Trog
  6249 | D:7      | Reached skill level 8 in Evocations
  6253 | D:7      | Found a sacrificial altar of Ru.
  6448 | D:7      | Found a runed door.
  6453 | D:7      | Noticed Crazy Yiuf
  6461 | D:7      | Killed Crazy Yiuf
  6652 | D:8      | Noticed Psyche
  6678 | D:8      | Killed Psyche
  6753 | D:8      | Noticed a two-headed ogre
  6808 | D:8      | Killed a two-headed ogre
  6808 | D:8      | Reached skill level 5 in Shields
  6808 | D:8      | Reached skill level 9 in Evocations
  6808 | D:8      | Reached XP level 10. HP: 53/53 MP: 17/17
  7151 | D:8      | Identified the +11 flail of Nightmares {antimagic, +Fly rElec rC- Int+5} (You found it on level 5 of the Dungeon)
  7310 | D:9      | Found a staircase to the Orcish Mines.
  7311 | D:9      | Noticed a death yak
  7311 | D:9      | Found a staircase to the Lair.
  7312 | D:9      | Noticed a death yak
  7401 | D:9      | Noticed a death yak
  7411 | D:9      | Noticed a death yak
  7465 | D:9      | Killed a death yak
  7777 | D:9      | Noticed a death yak
  7853 | D:8      | HP: 2/53 [death yak (16)]
  7906 | D:8      | Killed a death yak
  7906 | D:8      | Reached skill level 10 in Evocations
  8404 | D:7      | Killed a death yak
  8509 | D:9      | Killed a death yak
  8516 | D:9      | Reached XP level 11. HP: 53/58 MP: 15/19
  8531 | D:9      | Noticed a minotaur
  8531 | D:9      | a death yak changed into a minotaur
  8907 | D:8      | Killed a minotaur
  8907 | D:8      | Received a gift from Trog
  9278 | D:8      | Noticed a fire crab
  9278 | D:8      | a yak changed into a fire crab
  9281 | D:8      | a fire crab changed into a manticore
  9290 | D:8      | Reached skill level 11 in Evocations
  9763 | D:8      | Killed a death yak
  9763 | D:8      | Reached skill level 10 in Dodging
 10192 | D:9      | Noticed a two-headed ogre
 10398 | D:9      | Killed a two-headed ogre
 10436 | D:10     | Entered Level 10 of the Dungeon
 10541 | D:10     | Noticed a two-headed ogre
 10646 | D:10     | Killed a two-headed ogre
 10744 | D:10     | Noticed a two-headed ogre
 10846 | D:10     | Slain by a two-headed ogre

Vault maps used:
D:1:      dpeg_arrival_simpleton_c
D:2:      first_ration, uniq_natasha
D:3:      xom_teletrap_fun, uniq_grinder
D:4:      uniq_ijyb, uniq_sigmund
D:5:      serial_bayou, serial_bayou_lake_a, serial_bayou_pond_b,
          serial_bayou_pond_e, serial_bayou_shore_a, uniq_prince_ribbit1
D:6:      minmay_temple_entry_water_ring, uniq_pikel
D:7:      lemuel_crystal_altar, grunt_ogre_cave, grunt_qazlal_clouds,
          uniq_crazy_yiuf_cottage
D:8:      uniq_psyche
D:9:      dpeg_lair_monsters, hangedman_weighted_door
D:10:     minivault_12

Skill      XL: |  1  2  3  4  5  6  7  8  9 10 11 |
---------------+----------------------------------+-----
Short Blades   | 4 5 6 8 |  8.5
Evocations     | 1 3 6 9 10 11 | 11.8
Fighting       | 3 4 6 7 8 |  8.2
Shields        | 2 3 5 6 7 |  7.1
Dodging        | 5 6 8 9 10 | 10.5

Action                   |  1- 3 |  4- 6 |  7- 9 | 10-12 || total
-------------------------+-------+-------+-------+-------++-------
Melee: Short sword       |    96 |   239 |   663 |    98 ||  1096
       Dagger            |       |     8 |       |   501 ||   509
Throw: Throwing net      |       |       |       |     1 ||     1
Invok: Berserk           |     3 |     7 |     9 |     2 ||    21
       Trog's Hand       |       |     2 |       |       ||     2
Evoke: Wand              |       |       |    13 |     4 ||    17
  Use: Scroll            |       |     4 |       |     9 ||    13
       Potion            |       |     1 |       |     3 ||     4
 Stab: Distracted        |       |     1 |     1 |     2 ||     4
       Sleeping          |       |       |     3 |     3 ||     6
       Confused          |       |       |     1 |     8 ||     9
       Petrified         |       |       |       |     6 ||     6
       Paralysed         |       |       |       |     3 ||     3
  Eat: Ration            |       |     5 |     7 |     4 ||    16
Armor: Animal skin       |     2 |    34 |    31 |       ||    67
       Robe              |       |       |    19 |    17 ||    36
       Troll leather arm |       |       |       |    10 ||    10
Dodge: Dodged            |    61 |   190 |   319 |   279 ||   849
Block: Buckler           |       |     8 |   126 |   104 ||   238

Table legend:
 A = Spawn XP
 B = Non-spawn XP
 C = Spawn XP percentage of total XP
 D = Spawn monster count
 E = Non-spawn monster count
 F = Spawn count percentage of total count
 G = Total turns spent on level
                    A         B        C        D         E        F      G
               +---------+---------+-------+---------+---------+-------+---------
         Total |       0 |   18043 |   0.0 |       0 |     251 |   0.0 | 10846
               +---------+---------+-------+---------+---------+-------+---------
           D:1 |       0 |      24 |   0.0 |       0 |      13 |   0.0 |   767
           D:2 |       0 |     194 |   0.0 |       0 |      27 |   0.0 |  1101
           D:3 |       0 |     427 |   0.0 |       0 |      34 |   0.0 |   718
           D:4 |       0 |     702 |   0.0 |       0 |      17 |   0.0 |  1053
           D:5 |       0 |     457 |   0.0 |       0 |      18 |   0.0 |   612
           D:6 |       0 |    2032 |   0.0 |       0 |      39 |   0.0 |  1755
           D:7 |       0 |    1843 |   0.0 |       0 |      20 |   0.0 |  1183
           D:8 |       0 |    6348 |   0.0 |       0 |      37 |   0.0 |  2031
           D:9 |       0 |    4177 |   0.0 |       0 |      32 |   0.0 |  1216
          D:10 |       0 |    1839 |   0.0 |       0 |      14 |   0.0 |   410
               +---------+---------+-------+---------+---------+-------+---------
